Workbook
Name a: 'приложение 5'!$B$1:$AB$823
Name Excel_BuiltIn__FilterDatabase: 'приложение 4'!$C$2:$C$477
Name Excel_BuiltIn_Print_Area: 'приложение 3'!$A$1:$E$64
Name Excel_BuiltIn_Print_Area: 'приложение 4'!$A$2:$E$484
Name Excel_BuiltIn_Print_Area: 'приложение 5'!$B$1:$AB$819
Name Print_Area_0: 'приложение 5'!$B$1:$L$823
Name Print_Area_0_0: 'приложение 3'!$A$1:$E$59
Name Print_Area_0_0: 'приложение 4'!$A$2:$E$487
Name Print_Area_0_0: 'приложение 5'!$B$1:$I$823
Name Print_Area_0_0_0: 'приложение 5'!$B$1:$AD$823
Name Z_4F3F96C3_7B8B_440F_A7C0_DFFBDC784942__wvu_FilterData: #REF!
Name Z_6CB88F76_ADF1_43EB_B8FB_32CF6D2656A6__wvu_Cols: #REF!
Name Z_6CB88F76_ADF1_43EB_B8FB_32CF6D2656A6__wvu_FilterData: #REF!
Name Z_6CB88F76_ADF1_43EB_B8FB_32CF6D2656A6__wvu_PrintArea: #REF!
Name Z_7BCFB845_C80C_48FE_B4FE_79B4B69115F3__wvu_FilterData: #REF!
Name Z_7D67130F_5829_47C5_93DE_738E8D41F162__wvu_FilterData: #REF!
Name Z_8E2E7D81_C767_11D8_A2FD_006098EF8B30__wvu_Cols: #REF!
Name Z_8E2E7D81_C767_11D8_A2FD_006098EF8B30__wvu_FilterData: #REF!
Name Z_8E2E7D81_C767_11D8_A2FD_006098EF8B30__wvu_PrintArea: #REF!
Name Z_AAB63AD1_4FE4_4C7A_A62E_5A604C03BF55__wvu_FilterData: #REF!
Name Z_C231806E_9211_4D8F_9EB3_1A15C537C808__wvu_FilterData: #REF!
Name Z_D05021AF_1DB5_4AD7_B085_4CD71612CDB6__wvu_FilterData: #REF!
Name Z_D5E1AF6B_71F1_4B33_880B_72787157ADA9__wvu_FilterData: #REF!
Name Z_D5E1AF6B_71F1_4B33_880B_72787157ADA9__wvu_PrintArea: #REF!
Name Z_E2E14CAC_FED5_4087_B580_6F7DEE9C9BA1__wvu_FilterData: #REF!
Name Z_EF5A4981_C8E4_11D8_A2FC_006098EF8BA8__wvu_Cols: #REF!
Name Z_EF5A4981_C8E4_11D8_A2FC_006098EF8BA8__wvu_PrintArea: 'приложение 5'!$A$3
Name Z_EF5A4981_C8E4_11D8_A2FC_006098EF8BA8__wvu_PrintTitles: #REF!
Name Z_EFA5B1DC_5497_4E2C_A2B5_ED756C88CC7C__wvu_Cols: #REF!
Name Z_EFA5B1DC_5497_4E2C_A2B5_ED756C88CC7C__wvu_FilterData: #REF!
Name пр: 'приложение 5'!$B$1:$L$823

Sheet приложение 3
F1: Приложение 3
F2: к решению Совета муниципального образования Белореченский муниципальный район Краснодарского края от 31 июля 2025 г. № 184 "Об утверждении отчета об исполнении бюджета муниципального образования Белореченский муниципальный район Краснодарского края за 2024 год"
B3: Исполнение бюджета муниципального образования Белореченский муниципальный район Краснодарского края по разделам и подразделам классификации расходов бюджетов за 2024 год
G4: (рублей)
A5: № п/п | B5: Наименование | C5: Коды бюджетной классификации | E5: Утверждено | F5: Исполнено | G5: Отклонение
C6: Раздел | D6: Подраздел
A7: 1 | B7: 2 | C7: 3 | D7: 4 | E7: 5 | F7: 6 | G7: 7
B8: Всего расходов | E8: =E9+E17+E21+E26+E30+E36+E39+E41+E45+E50+E52+E56 -> 5.1319331e+09 | F8: =F9+F17+F21+F26+F30+F36+F39+F41+F45+F50+F52+F56 -> 4.9323096e+09 | G8: =E8-F8 -> 1.9962348e+08
A9: 1. | B9: Общегосударственные вопросы | C9: 01 | E9: =E10+E11+E12+E14+E15+E16+E13 -> 4.0519814e+08 | F9: =F10+F11+F12+F14+F15+F16+F13 -> 3.6674172e+08 | G9: =E9-F9 -> 38456421
B10: Функционирование высшего должностного лица субъекта Российской Федерации и муниципального образования | C10: 01 | D10: 02 | E10: ='приложение 5'!I27 -> 2949700 | F10: ='приложение 5'!J27 -> 2916967.6 | G10: =E10-F10 -> 32732.42
B11: Функционирование законодательных (представительных) органов государственной власти и и представительных органов муниципальных образований | C11: 01 | D11: 03 | E11: ='приложение 5'!I12 -> 7445925 | F11: ='приложение 5'!J12 -> 7412627.2 | G11: =E11-F11 -> 33297.79
B12: Функционирование Правительства Российской Федерации, высших органов исполнительной власти субъектов Российской Федерации, местных администраций | C12: 01 | D12: 04 | E12: ='приложение 5'!I32 -> 103787600 | F12: ='приложение 5'!J32 -> 1.0349196e+08 | G12: =E12-F12 -> 295641.48
B13: Судебная система | C13: 01 | D13: 05 | E13: ='приложение 5'!I44 -> 8600 | F13: ='приложение 5'!J44 -> 8600 | G13: =E13-F13 -> 0
B14: Обеспечение деятельности финансовых, налоговых и таможенных органов и органов финансового (финансово-бюджетного) надзора | C14: 01 | D14: 06 | E14: ='приложение 5'!I330+'приложение 5'!I360 -> 36971895 | F14: ='приложение 5'!J330+'приложение 5'!J360 -> 36948327 | G14: =E14-F14 -> 23568.2
B15: Резервные фонды | C15: 01 | D15: 11 | E15: ='приложение 5'!I48 -> 32102214 | F15: ='приложение 5'!J48 -> 0 | G15: =E15-F15 -> 32102214
B16: Другие общегосударственные вопросы | C16: 01 | D16: 13 | E16: ='приложение 5'!I53+'приложение 5'!I401+'приложение 5'!I337+'приложение 5'!I682+'приложение 5'!I426+'приложение 5'!I594+'приложение 5'!I370+'приложение 5'!I20+'приложение 5'!I377+'приложение 5'!I731 -> 2.219322e+08 | F16: ='приложение 5'!J53+'приложение 5'!J401+'приложение 5'!J337+'приложение 5'!J682+'приложение 5'!J426+'приложение 5'!J594+'приложение 5'!J370+'приложение 5'!J20+'приложение 5'!J377+'приложение 5'!J731 -> 2.1596324e+08 | G16: =E16-F16 -> 5968967.2
A17: 2. | B17: Национальная безопасность и правоохранительная деятельность | C17: 03 | E17: =E18+E20+E19 -> 44478508 | F17: =F18+F20+F19 -> 42867220 | G17: =E17-F17 -> 1611287.9
B18: Гражданская оборона | C18: 03 | D18: 09 | E18: ='приложение 5'!I106 -> 37791000 | F18: ='приложение 5'!J106 -> 36322720 | G18: =E18-F18 -> 1468279.9
B19: Защита населения и территории от чрезвычайных ситуаций природного и техногенного характера, пожарная безопасность | C19: 03 | D19: 10 | E19: ='приложение 5'!I120 -> 63000 | F19: ='приложение 5'!J120 -> 0 | G19: =E19-F19 -> 63000
B20: Другие вопросы в области национальной безопасности и правоохранительной деятельности | C20: 03 | D20: 14 | E20: ='приложение 5'!I125 -> 6624507.8 | F20: ='приложение 5'!J125 -> 6544499.8 | G20: =E20-F20 -> 80008
A21: 3. | B21: Национальная экономика | C21: 04 | E21: =E22+E24+E25+E23 -> 58840290 | F21: =F22+F24+F25+F23 -> 52733371 | G21: =E21-F21 -> 6106919.6
B22: Сельское хозяйство и рыболовство | C22: 04 | D22: 05 | E22: ='приложение 5'!I383 -> 30835100 | F22: ='приложение 5'!J383 -> 30804094 | G22: =E22-F22 -> 31005.89
B23: Транспорт | C23: 04 | D23: 08 | E23: ='приложение 5'!I150 -> 1215160 | F23: ='приложение 5'!J150 -> 1185547.2 | G23: =E23-F23 -> 29612.8
B24: Дорожное хозяйство(дорожные фонды) | C24: 04 | D24: 09 | E24: ='приложение 5'!I155 -> 13657838 | F24: ='приложение 5'!J155 -> 8661601.3 | G24: =E24-F24 -> 4996236.9
B25: Другие вопросы в области национальной экономики | C25: 04 | D25: 12 | E25: ='приложение 5'!I160+'приложение 5'!I414 -> 13132192 | F25: ='приложение 5'!J160+'приложение 5'!J414 -> 12082128 | G25: =E25-F25 -> 1050064
A26: 4. | B26: Жилищно-коммунальное хозяйство | C26: 05 | E26: =E28+E29+E27 -> 7.191676e+08 | F26: =F28+F29+F27 -> 6.4517623e+08 | G26: =E26-F26 -> 73991369
B27: Жилищное хозяйство | C27: 05 | D27: 01 | E27: ='приложение 5'!I181 -> 2315796.5 | F27: ='приложение 5'!J181 -> 2315796.5 | G27: =E27-F27 -> 0
B28: Коммунальное хозяйство | C28: 05 | D28: 02 | E28: ='приложение 5'!I186 -> 7.142368e+08 | F28: ='приложение 5'!J186 -> 6.4094209e+08 | G28: =E28-F28 -> 73294715
B29: Коммунальное хозяйство | C29: 05 | D29: 03 | E29: ='приложение 5'!I233 -> 2615000 | F29: ='приложение 5'!J233 -> 1918346.2 | G29: =E29-F29 -> 696653.78
A30: 5. | B30: Образование | C30: 07 | E30: =E31+E32+E34+E35+E33 -> 3.1028691e+09 | F30: =F31+F32+F34+F35+F33 -> 3.0590152e+09 | G30: =E30-F30 -> 43853867
B31: Дошкольное образование | C31: 07 | D31: 01 | E31: ='приложение 5'!I432+'приложение 5'!I240 -> 1.0772958e+09 | F31: ='приложение 5'!J432+'приложение 5'!J240 -> 1.0686892e+09 | G31: =E31-F31 -> 8606589.8
B32: Общее образование | C32: 07 | D32: 02 | E32: ='приложение 5'!I459+'приложение 5'!I251 -> 1.5729017e+09 | F32: ='приложение 5'!J459+'приложение 5'!J251 -> 1.5378086e+09 | G32: =E32-F32 -> 35093035
B33: Дополнительное образование детей | C33: 07 | D33: 03 | E33: ='приложение 5'!I514+'приложение 5'!I600 -> 3.1955962e+08 | F33: ='приложение 5'!J514+'приложение 5'!J600 -> 3.1955962e+08 | G33: =E33-F33 -> 0
B34: Молодежная политика | C34: 07 | D34: 07 | E34: ='приложение 5'!I260+'приложение 5'!I737+'приложение 5'!I783 -> 22872700 | F34: ='приложение 5'!J260+'приложение 5'!J737+'приложение 5'!J783 -> 22831966 | G34: =E34-F34 -> 40734.18
B35: Другие вопросы в области образования | C35: 07 | D35: 09 | E35: ='приложение 5'!I537+'приложение 5'!I265+'приложение 5'!I775+'приложение 5'!I616 -> 1.1023929e+08 | F35: ='приложение 5'!J537+'приложение 5'!J265+'приложение 5'!J775+'приложение 5'!J616 -> 1.1012578e+08 | G35: =E35-F35 -> 113508.26
A36: 6. | B36: Культура и кинематография | C36: 08 | E36: =E37+E38 -> 95430642 | F36: =F37+F38 -> 94845353 | G36: =E36-F36 -> 585289.13
B37: Культура | C37: 08 | D37: 01 | E37: ='приложение 5'!I629 -> 76975000 | F37: ='приложение 5'!J629 -> 76975000 | G37: =E37-F37 -> 0
B38: Другие вопросы в области культуры, кинематографии | C38: 08 | D38: 04 | E38: ='приложение 5'!I644 -> 18455642 | F38: ='приложение 5'!J644 -> 17870353 | G38: =E38-F38 -> 585289.13
A39: 7. | B39: Здравоохранение | C39: 09 | E39: =E40 -> 30758800 | F39: =F40 -> 24365426 | G39: =E39-F39 -> 6393373.8
B40: Амбулаторная помощь | C40: 09 | D40: 02 | E40: ='приложение 5'!I273 -> 30758800 | F40: ='приложение 5'!J273 -> 24365426 | G40: =E40-F40 -> 6393373.8
A41: 8. | B41: Социальная политика | C41: 10 | E41: =E42+E43+E44 -> 327810200 | F41: =F42+F43+F44 -> 3.13537e+08 | G41: =E41-F41 -> 14273197
B42: Социальное обеспечение населения | C42: 10 | D42: 03 | E42: ='приложение 5'!I285 -> 52250600 | F42: ='приложение 5'!J285 -> 43274137 | G42: =E42-F42 -> 8976463.5
B43: Охрана семьи и детства | C43: 10 | D43: 04 | E43: ='приложение 5'!I586+'приложение 5'!I789+'приложение 5'!I294 -> 263548800 | F43: ='приложение 5'!J586+'приложение 5'!J789+'приложение 5'!J294 -> 2.5825211e+08 | G43: =E43-F43 -> 5296693.9
B44: Другие вопросы в области социальной политики | C44: 10 | D44: 06 | E44: ='приложение 5'!I802 -> 12010800 | F44: ='приложение 5'!J802 -> 12010760 | G44: =E44-F44 -> 40.03
A45: 9. | B45: Физическая культура и спорт | C45: 11 | E45: =E46+E49+E48+E47 -> 2.8153211e+08 | F45: =F46+F49+F48+F47 -> 2.6718035e+08 | G45: =E45-F45 -> 14351760
B46: Физическая культура | C46: 11 | D46: 01 | E46: ='приложение 5'!I688+'приложение 5'!I311 -> 141884750 | F46: ='приложение 5'!J688+'приложение 5'!J311 -> 1.2753521e+08 | G46: =E46-F46 -> 14349545
B47: Массовый спорт | C47: 11 | D47: 02 | E47: ='приложение 5'!I695 -> 28500 | F47: ='приложение 5'!J695 -> 28500 | G47: =E47-F47 -> 0
B48: Спорт высших достижений | C48: 11 | D48: 03 | E48: ='приложение 5'!I700 -> 135757644 | F48: ='приложение 5'!J700 -> 135757644 | G48: =E48-F48 -> 0
B49: Другие вопросы в области физической культуры и спорта | C49: 11 | D49: 05 | E49: ='приложение 5'!I723 -> 3861215.3 | F49: ='приложение 5'!J723 -> 3859000.4 | G49: =E49-F49 -> 2214.91
A50: 10. | B50: Обслуживание государственного и муниципального долга | C50: 13 | E50: =E51 -> 0 | F50: =F51 -> 0 | G50: =E50-F50 -> 0
B51: Обслуживание государственного внутреннего и муниципального долга | C51: 13 | D51: 01 | E51: 0 | F51: 0 | G51: =E51-F51 -> 0
A52: 10. | B52: Межбюджетные трансферты общего характера бюджетам субъектов Российской Федерации | C52: 14 | D52: 00 | E52: =E53+E55+E54 -> 65847700 | F52: =F53+F55+F54 -> 65847700 | G52: =E52-F52 -> 0
B53: Дотации на выравнивание бюджетной обеспеченности субъектов Российской Федерации и муниципальных образований | C53: 14 | D53: 01 | E53: ='приложение 5'!I343 -> 15000000 | F53: ='приложение 5'!J343 -> 15000000 | G53: =E53-F53 -> 0
B54: Иные дотации | C54: 14 | D54: 02 | E54: ='приложение 5'!I348 -> 0 | F54: ='приложение 5'!J348 -> 0 | G54: =E54-F54 -> 0
B55: Прочие межбюджетные трансферты общего характера | C55: 14 | D55: 03 | E55: ='приложение 5'!I324+'приложение 5'!I353 -> 50847700 | F55: ='приложение 5'!J324+'приложение 5'!J353 -> 50847700 | G55: =E55-F55 -> 0
B57: Начальник финансового управления
B58: администрации муниципального образования
B59: Белореченский муниципальный район Краснодарского края | F59: Е.А. Греков

Sheet приложение 4
F2: Приложение 4
F3: к решению Совета муниципального образования Белореченский муниципальный район Краснодарского края от 31 июля 2025 г. № 184 "Об утверждении отчета об исполнении бюджета муниципального образования Белореченский муниципальный район Краснодарского края за 2024 год"
B4: Исполнение бюджета по целевым статьям (муниципальным программам муниципального образования Белореченский муниципальный район Краснодарского края и непрограммным направлениям деятельности), группам видов расходов классификации расходов бюджетов за 2024 год
G5: (рублей)
B6: Наименование | C6: КЦСР | D6: КВР | E6: Утверждено | F6: Исполнено | G6: Отклонение
A7: 1 | B7: 2 | C7: 3 | D7: 4 | E7: 5 | F7: 6 | G7: 7
B8: ВСЕГО | E8: =E9+E51+E57+E100+E110+E124+E135+E139+E219+E241+E262+E281+E285+E436+E385+E277+E131+E380+E362+E366+E376+E403+E416+E235+E397 -> 5.1319331e+09 | F8: =F9+F51+F57+F100+F110+F124+F135+F139+F219+F241+F262+F281+F285+F436+F385+F277+F131+F380+F362+F366+F376+F403+F416+F235+F397 -> 4.9323096e+09 | G8: =E8-F8 -> 1.9962348e+08
A9: 1. | B9: Муниципальная программа "Обеспечение деятельности органов местного самоуправления" | C9: 5000000000 | E9: =E10+E15+E41+E45+E48 -> 2.3549324e+08 | F9: =F10+F15+F41+F45+F48 -> 2.343491e+08 | G9: =E9-F9 -> 1144142
B10: Обеспечение деятельности высшего должностного лица муниципального образования | C10: 5010000000 | E10: =E11+E13 -> 3012700 | F10: =F11+F13 -> 2916967.6 | G10: =E10-F10 -> 95732.42
B11: Расходы на обеспечение функций органов местного самоуправления | C11: 5010000190 | E11: =E12 -> 2949700 | F11: =F12 -> 2916967.6 | G11: =E11-F11 -> 32732.42
B12: Расходы на выплаты персоналу в целях обеспечения выполнения функций государственными (муниципальными) органами, казенными учреждениями, органами управления государственными внебюджетными фондами | C12: 5010000190 | D12: 100 | E12: ='приложение 5'!I31 -> 2949700 | F12: ='приложение 5'!J31 -> 2916967.6 | G12: =E12-F12 -> 32732.42
B13: Осуществление отдельного государственного полномочия Краснодарского края по формированию списков семей и граждан, жилые помещения которых утрачены, и (или) списков граждан, жилые помещения которых повреждены в результате чрезвычайных ситуаций природного и техногенного характера, а также в результате террористических актов и (или) при пресечении террористических актов правомерными действиями на территории Краснодарского края | C13: 5010060070 | E13: =E14 -> 63000 | F13: =F14 -> 0 | G13: =E13-F13 -> 63000
B14: Закупка товаров, работ и услуг для обеспечения государственных (муниципальных) нужд | C14: 5010060070 | D14: 200 | E14: ='приложение 5'!I124 -> 63000 | F14: ='приложение 5'!J124 -> 0 | G14: =E14-F14 -> 63000
B15: Обеспечение деятельности администрации муниципального образования | C15: 5020000000 | E15: =E16+E20+E23+E26+E34+E30+E38 -> 1.9717659e+08 | F15: =F16+F20+F23+F26+F34+F30+F38 -> 1.9670848e+08 | G15: =E15-F15 -> 468107.23
B16: Расходы на обеспечение функций органов местного самоуправления | C16: 5020000190 | E16: =E17+E19+E18 -> 1.7979319e+08 | F16: =F17+F19+F18 -> 1.7932512e+08 | G16: =E16-F16 -> 468067.25
B17: Расходы на выплаты персоналу в целях обеспечения выполнения функций государственными (муниципальными) органами, казенными учреждениями, органами управления государственными внебюджетными фондами | C17: 5020000190 | D17: 100 | E17: ='приложение 5'!I36+'приложение 5'!I334+'приложение 5'!I387+'приложение 5'!I405+'приложение 5'!I541+'приложение 5'!I648+'приложение 5'!I727+'приложение 5'!I779+'приложение 5'!I806 -> 179574463 | F17: ='приложение 5'!J36+'приложение 5'!J334+'приложение 5'!J387+'приложение 5'!J405+'приложение 5'!J541+'приложение 5'!J648+'приложение 5'!J727+'приложение 5'!J779+'приложение 5'!J806 -> 1.7911132e+08 | G17: =E17-F17 -> 463138.25
B18: Закупка товаров, работ и услуг для обеспечения государственных (муниципальных) нужд | C18: 5020000190 | D18: 200 | E18: ='приложение 5'!I335 -> 10000 | F18: ='приложение 5'!J335 -> 10000 | G18: =E18-F18 -> 0
B19: Иные бюджетные ассигнования | C19: 5020000190 | D19: 800 | E19: ='приложение 5'!I37+'приложение 5'!I336+'приложение 5'!I388+'приложение 5'!I406+'приложение 5'!I542+'приложение 5'!I649+'приложение 5'!I728+'приложение 5'!I780 -> 208723.33 | F19: ='приложение 5'!J37+'приложение 5'!J336+'приложение 5'!J388+'приложение 5'!J406+'приложение 5'!J542+'приложение 5'!J649+'приложение 5'!J728+'приложение 5'!J780 -> 203794.33 | G19: =E19-F19 -> 4929
B20: Осуществление отдельных государственных полномочий по ведению учета граждан отдельных категорий в качестве нуждающихся в жилых помещениях и по формированию списка детей-сирот и детей, оставшихся без попечения родителей, лиц из числа детей-сирот и детей, оставшихся без попечения родителей, лиц, относившихся к категории детей-сирот и детей, оставшихся без попечения родителей, подлежащих обеспечению жилыми помещениями | C20: 5020060870 | E20: =E21+E22 -> 755800 | F20: =F21+F22 -> 755800 | G20: =E20-F20 -> 0
B21: Расходы на выплаты персоналу в целях обеспечения выполнения функций государственными (муниципальными) органами, казенными учреждениями, органами управления государственными внебюджетными фондами | C21: 5020060870 | D21: 100 | E21: ='приложение 5'!I39 -> 755800 | F21: ='приложение 5'!J39 -> 755800 | G21: =E21-F21 -> 0
B22: Закупка товаров, работ и услуг для обеспечения государственных (муниципальных) нужд | C22: 5020060870 | D22: 200 | E22: ='приложение 5'!I40 -> 0 | F22: ='приложение 5'!J40 -> 0 | G22: =E22-F22 -> 0
B23: Осуществление отдельных государственных полномочий Краснодарского края по поддержке сельскохозяйственного производства | C23: 5020060910 | E23: =E24+E25 -> 1512000 | F23: =F24+F25 -> 1512000 | G23: =E23-F23 -> 0
B24: Расходы на выплаты персоналу в целях обеспечения выполнения функций государственными (муниципальными) органами, казенными учреждениями, органами управления государственными внебюджетными фондами | C24: 5020060910 | D24: 100 | E24: ='приложение 5'!I390 -> 1512000 | F24: ='приложение 5'!J390 -> 1512000 | G24: =E24-F24 -> 0
B25: Закупка товаров, работ и услуг для обеспечения государственных (муниципальных) нужд | C25: 5020060910 | D25: 200 | E25: ='приложение 5'!I391 -> 0 | F25: ='приложение 5'!J391 -> 0 | G25: =E25-F25 -> 0
B26: Осуществление отдельных государственных полномочий по выявлению обстоятельств, свидетельствующих о необходимости оказания детям-сиротам и детям, оставшимся без попечения родителей, лицам из числа детей-сирот и детей, оставшихся без попечения родителей, содействия в преодолении трудной жизненной ситуации, и осуществлению контроля за использованием детьми-сиротами и детьми, оставшимися без попечения родителей, лицами из числа детей-сирот и детей, оставшихся без попечения родителей, предоставленных им жилых помещений специализированного жилищного фонда | C26: 5020069170 | E26: =E27+E28+E29 -> 1025800 | F26: =F27+F28+F29 -> 1025800 | G26: =E26-F26 -> 0
B27: Расходы на выплату персоналу в целях обеспечения функций государственными (муниципальными) органами, казенными учреждениями, органами управления государственными внебюджетными фондами | C27: 5020069170 | D27: 100 | E27: ='приложение 5'!I808 -> 1025800 | F27: ='приложение 5'!J808 -> 1025800 | G27: =E27-F27 -> 0
B28: Закупка товаров, работ и услуг для обеспечения государственных (муниципальных) нужд | C28: 5020069170 | D28: 200 | E28: ='приложение 5'!I809 -> 0 | F28: ='приложение 5'!J809 -> 0 | G28: =E28-F28 -> 0
B29: Иные бюджетные ассигнования | C29: 5020069170 | D29: 800 | E29: ='приложение 5'!I810 -> 0 | F29: ='приложение 5'!J810 -> 0 | G29: =E29-F29 -> 0
B30: Осуществление отдельных государственных полномочий Краснодарского края по организации и обеспечению отдыха и оздоровления детей (за исключением организации отдыха детей в каникулярное время) | C30: 5020069180 | E30: =E31+E32+E33 -> 756000 | F30: =F31+F32+F33 -> 756000 | G30: =E30-F30 -> 0
B31: Расходы на выплату персоналу в целях обеспечения функций государственными (муниципальными) органами, казенными учреждениями, органами управления государственными внебюджетными фондами | C31: 5020069180 | D31: 100 | E31: ='приложение 5'!I812 -> 756000 | F31: ='приложение 5'!J812 -> 756000 | G31: =E31-F31 -> 0
B32: Закупка товаров, работ и услуг для обеспечения государственных (муниципальных) нужд | C32: 5020069180 | D32: 200 | E32: ='приложение 5'!I813 -> 0 | F32: ='приложение 5'!J813 -> 0 | G32: =E32-F32 -> 0
B33: Иные бюджетные ассигнования | C33: 5020069180 | D33: 800 | E33: ='приложение 5'!I814 -> 0 | F33: ='приложение 5'!J814 -> 0 | G33: =E33-F33 -> 0
B34: Осуществление отдельных государственных полномочий по организации и осуществлению деятельности по опеке и попечительству в отношении несовершеннолетних | C34: 5020069190 | E34: =E35+E36+E37 -> 9229000 | F34: =F35+F36+F37 -> 9228960 | G34: =E34-F34 -> 39.98
B35: Расходы на выплату персоналу в целях обеспечения функций государственными (муниципальными) органами, казенными учреждениями, органами управления государственными внебюджетными фондами | C35: 5020069190 | D35: 100 | E35: ='приложение 5'!I816 -> 8828100 | F35: ='приложение 5'!J816 -> 8828072.5 | G35: =E35-F35 -> 27.46
B36: Закупка товаров, работ и услуг для обеспечения государственных (муниципальных) нужд | C36: 5020069190 | D36: 200 | E36: ='приложение 5'!I817 -> 400400 | F36: ='приложение 5'!J817 -> 400400 | G36: =E36-F36 -> 0
B37: Иные бюджетные ассигнования | C37: 5020069190 | D37: 800 | E37: ='приложение 5'!I818 -> 500 | F37: ='приложение 5'!J818 -> 487.48 | G37: =E37-F37 -> 12.52
B38: Осуществление отдельных государственных полномочий по созданию и организации деятельности комиссий по делам несовершеннолетних и защите их прав | C38: 5020069200 | E38: =E39+E40 -> 4104800 | F38: =F39+F40 -> 4104800 | G38: =E38-F38 -> 0
B39: Расходы на выплаты персоналу в целях обеспечения выполнения функций государственными (муниципальными) органами, казенными учреждениями, органами управления государственными внебюджетными фондами | C39: 5020069200 | D39: 100 | E39: ='приложение 5'!I42 -> 4004800 | F39: ='приложение 5'!J42 -> 4004800 | G39: =E39-F39 -> 0
B40: Закупка товаров, работ и услуг для обеспечения государственных (муниципальных) нужд | C40: 5020069200 | D40: 200 | E40: ='приложение 5'!I43 -> 100000 | F40: ='приложение 5'!J43 -> 100000 | G40: =E40-F40 -> 0
B41: Укрепление материально-технической базы органов местного самоуправления | C41: 5030000000 | E41: =E42 -> 28447354 | F41: =F42 -> 27903325 | G41: =E41-F41 -> 544029.32
B42: Укрепление материально-технического оснащения для бесперебойного обеспечения бюджетного процесса | C42: 5030010030 | E42: =E43+E44 -> 28447354 | F42: =F43+F44 -> 27903325 | G42: =E42-F42 -> 544029.32
B43: Закупка товаров, работ и услуг для обеспечения государственных (муниципальных) нужд | C43: 5030010030 | D43: 200 | E43: ='приложение 5'!I24+'приложение 5'!I57+'приложение 5'!I374+'приложение 5'!I381+'приложение 5'!I598+'приложение 5'!I429+'приложение 5'!I686+'приложение 5'!I409+'приложение 5'!I735+'приложение 5'!I341 -> 27388178 | F43: ='приложение 5'!J24+'приложение 5'!J57+'приложение 5'!J374+'приложение 5'!J381+'приложение 5'!J598+'приложение 5'!J429+'приложение 5'!J686+'приложение 5'!J409+'приложение 5'!J735+'приложение 5'!J341 -> 26844149 | G43: =E43-F43 -> 544028.43
B44: Иные бюджетные ассигнования | C44: 5030010030 | D44: 800 | E44: ='приложение 5'!I430+'приложение 5'!I58 -> 1059176.2 | F44: ='приложение 5'!J430+'приложение 5'!J58 -> 1059175.3 | G44: =E44-F44 -> 0.89
B45: Повышение информированности населения о деятельности органов власти | C45: 5040000000 | E45: =E46 -> 1600000 | F45: =F46 -> 1600000 | G45: =E45-F45 -> 0
B46: Обеспечение информационной открытости органов власти | C46: 5040010560 | E46: =E47 -> 1600000 | F46: =F47 -> 1600000 | G46: =E46-F46 -> 0
B47: Закупка товаров, работ и услуг для обеспечения государственных (муниципальных) нужд | C47: 5040010560 | D47: 200 | E47: ='приложение 5'!I61 -> 1600000 | F47: ='приложение 5'!J61 -> 1600000 | G47: =E47-F47 -> 0
B48: Создание информационно-технической инфраструктуры администрации | C48: 5050000000 | E48: =E49 -> 5256600 | F48: =F49 -> 5220327 | G48: =E48-F48 -> 36272.99
B49: Информатизация администрации муниципального образования | C49: 5050010780 | E49: =E50 -> 5256600 | F49: =F50 -> 5220327 | G49: =E49-F49 -> 36272.99
B50: Закупка товаров, работ и услуг для обеспечения государственных (муниципальных) нужд | C50: 5050010780 | D50: 200 | E50: ='приложение 5'!I64 -> 5256600 | F50: ='приложение 5'!J64 -> 5220327 | G50: =E50-F50 -> 36272.99
A51: 2. | B51: Муниципальная программа "Управление муниципальными финансами" | C51: 5100000000 | E51: =E52 -> 45685400 | F51: =F52 -> 45685400 | G51: =E51-F51 -> 0
B52: Повышение уровня бюджетной обеспеченности муниципальных образований Белореченского района | C52: 5110000000 | E52: =E55+E53 -> 45685400 | F52: =F55+F53 -> 45685400 | G52: =E52-F52 -> 0
B53: Дотации на поддержку мер по обеспечению сбалансированности местных бюджетов | C53: 5110060040 | E53: =E54 -> 30685400 | F53: =F54 -> 30685400 | G53: =E53-F53 -> 0
B54: Межбюджетные трансферты | C54: 5110060040 | D54: 500 | E54: ='приложение 5'!I352+'приложение 5'!I357 -> 30685400 | F54: ='приложение 5'!J352+'приложение 5'!J357 -> 30685400 | G54: =E54-F54 -> 0
B55: Дотации на выравнивание бюджетной обеспеченности поселений | C55: 51100A0030 | E55: =E56 -> 15000000 | F55: =F56 -> 15000000 | G55: =E55-F55 -> 0
B56: Межбюджетные трансферты | C56: 51100A0030 | D56: 500 | E56: ='приложение 5'!I347 -> 15000000 | F56: ='приложение 5'!J347 -> 15000000 | G56: =E56-F56 -> 0
A57: 3. | B57: Муниципальная программа "Обеспечение деятельности казенных учреждений" | C57: 5200000000 | E57: =E58+E63+E74+E80+E90+E95+E85+E68 -> 2.6811389e+08 | F57: =F58+F63+F74+F80+F90+F95+F85+F68 -> 2.6371614e+08 | G57: =E57-F57 -> 4397752.3
B58: Централизованная бухгалтерия | C58: 5210000000 | E58: =E59 -> 131988963 | F58: =F59 -> 1.3081673e+08 | G58: =E58-F58 -> 1172230.8
B59: Расходы на обеспечение деятельности (оказание услуг) муниципальных учреждений | C59: 5210000590 | E59: =E60+E61+E62 -> 131988963 | F59: =F60+F61+F62 -> 1.3081673e+08 | G59: =E59-F59 -> 1172230.8
B60: Расходы на выплаты персоналу в целях обеспечения выполнения функций государственными (муниципальными) органами, казенными учреждениями, органами управления государственными внебюджетными фондами | C60: 5210000590 | D60: 100 | E60: ='приложение 5'!I269+'приложение 5'!I68 -> 1.1285777e+08 | F60: ='приложение 5'!J269+'приложение 5'!J68 -> 1.1280647e+08 | G60: =E60-F60 -> 51305.45
B61: Закупка товаров, работ и услуг для обеспечения государственных (муниципальных) нужд | C61: 5210000590 | D61: 200 | E61: ='приложение 5'!I270+'приложение 5'!I69 -> 18998042 | F61: ='приложение 5'!J270+'приложение 5'!J69 -> 17877118 | G61: =E61-F61 -> 1120924.5
B62: Иные бюджетные ассигнования | C62: 5210000590 | D62: 800 | E62: ='приложение 5'!I271+'приложение 5'!I70 -> 133150.12 | F62: ='приложение 5'!J271+'приложение 5'!J70 -> 133149.28 | G62: =E62-F62 -> 0.84
B63: Административно-хозяйственная часть | C63: 5220000000 | E63: =E64 -> 31471700 | F63: =F64 -> 29215508 | G63: =E63-F63 -> 2256192.3
B64: Расходы на обеспечение деятельности (оказание услуг) муниципальных учреждений | C64: 5220000590 | E64: =E65+E66+E67 -> 31471700 | F64: =F65+F66+F67 -> 29215508 | G64: =E64-F64 -> 2256192.3
B65: Расходы на выплаты персоналу в целях обеспечения выполнения функций государственными (муниципальными) органами, казенными учреждениями, органами управления государственными внебюджетными фондами | C65: 5220000590 | D65: 100 | E65: ='приложение 5'!I73 -> 16646800 | F65: ='приложение 5'!J73 -> 16621578 | G65: =E65-F65 -> 25222.35
B66: Закупка товаров, работ и услуг для обеспечения государственных (муниципальных) нужд | C66: 5220000590 | D66: 200 | E66: ='приложение 5'!I74 -> 14701950 | F66: ='приложение 5'!J74 -> 12470986 | G66: =E66-F66 -> 2230964.3
B67: Иные бюджетные ассигнования | C67: 5220000590 | D67: 800 | E67: ='приложение 5'!I75 -> 122950 | F67: ='приложение 5'!J75 -> 122944.39 | G67: =E67-F67 -> 5.61
B68: Архитектура и градостроительство | C68: 5230000000 | E68: =E69 -> 2165000 | F68: =F69 -> 2141093.3 | G68: =E68-F68 -> 23906.68
B69: Расходы на обеспечение деятельности (оказание услуг) муниципальных учреждений | C69: 5230000590 | E69: =E70+E71+E72+E73 -> 2165000 | F69: =F70+F71+F72+F73 -> 2141093.3 | G69: =E69-F69 -> 23906.68
B70: Расходы на выплаты персоналу в целях обеспечения выполнения функций государственными (муниципальными) органами, казенными учреждениями, органами управления государственными внебюджетными фондами | C70: 5230000590 | D70: 100 | E70: ='приложение 5'!I78 -> 1721000 | F70: ='приложение 5'!J78 -> 1717173.3 | G70: =E70-F70 -> 3826.69
B71: Закупка товаров, работ и услуг для обеспечения государственных (муниципальных) нужд | C71: 5230000590 | D71: 200 | E71: ='приложение 5'!I79 -> 198060 | F71: ='приложение 5'!J79 -> 198045.91 | G71: =E71-F71 -> 14.09
B72: Социальное обеспечение и иные выплаты населению | C72: 5230000590 | D72: 300 | E72: ='приложение 5'!I80 -> 112140 | F72: ='приложение 5'!J80 -> 112139.1 | G72: =E72-F72 -> 0.9
B73: Иные бюджетные ассигнования | C73: 5230000590 | D73: 800 | E73: ='приложение 5'!I81 -> 133800 | F73: ='приложение 5'!J81 -> 113735 | G73: =E73-F73 -> 20065
B74: Служба ГО и ЧС | C74: 5240000000 | E74: =E75 -> 36543800 | F74: =F75 -> 36322720 | G74: =E74-F74 -> 221079.9
B75: Расходы на обеспечение деятельности (оказание услуг) муниципальных учреждений | C75: 5240000590 | E75: =E76+E77+E79+E78 -> 36543800 | F75: =F76+F77+F79+F78 -> 36322720 | G75: =E75-F75 -> 221079.9
B76: Расходы на выплаты персоналу в целях обеспечения выполнения функций государственными (муниципальными) органами, казенными учреждениями, органами управления государственными внебюджетными фондами | C76: 5240000590 | D76: 100 | E76: ='приложение 5'!I110 -> 23393100 | F76: ='приложение 5'!J110 -> 23369892 | G76: =E76-F76 -> 23208.2
B77: Закупка товаров, работ и услуг для обеспечения государственных (муниципальных) нужд | C77: 5240000590 | D77: 200 | E77: ='приложение 5'!I111 -> 1118350 | F77: ='приложение 5'!J111 -> 920478.3 | G77: =E77-F77 -> 197871.7
B78: Межбюджетные трансферты | C78: 5240000590 | D78: 500 | E78: ='приложение 5'!I112 -> 12000000 | F78: ='приложение 5'!J112 -> 12000000 | G78: =E78-F78 -> 0
B79: Иные бюджетные ассигнования | C79: 5240000590 | D79: 800 | E79: ='приложение 5'!I113 -> 32350 | F79: ='приложение 5'!J113 -> 32350 | G79: =E79-F79 -> 0
B80: ЦРО и МСКО | C80: 5250000000 | E80: =E81 -> 30725028 | F80: =F81 -> 30159501 | G80: =E80-F80 -> 565527.31
B81: Расходы на обеспечение деятельности (оказание услуг) муниципальных учреждений | C81: 5250000590 | E81: =E82+E83+E84 -> 30725028 | F81: =F82+F83+F84 -> 30159501 | G81: =E81-F81 -> 565527.31
B82: Расходы на выплаты персоналу в целях обеспечения выполнения функций государственными (муниципальными) органами, казенными учреждениями, органами управления государственными внебюджетными фондами | C82: 5250000590 | D82: 100 | E82: ='приложение 5'!I546+'приложение 5'!I653 -> 26222128 | F82: ='приложение 5'!J546+'приложение 5'!J653 -> 26141635 | G82: =E82-F82 -> 80493.06
B83: Закупка товаров, работ и услуг для обеспечения государственных (муниципальных) нужд | C83: 5250000590 | D83: 200 | E83: ='приложение 5'!I547+'приложение 5'!I654 -> 4480387.2 | F83: ='приложение 5'!J547+'приложение 5'!J654 -> 3995353 | G83: =E83-F83 -> 485034.25
B84: Иные бюджетные ассигнования | C84: 5250000590 | D84: 800 | E84: ='приложение 5'!I548+'приложение 5'!I655 -> 22512.77 | F84: ='приложение 5'!J548+'приложение 5'!J655 -> 22512.77 | G84: =E84-F84 -> 0
B85: Служба заказчика | C85: 5260000000 | E85: =E86 -> 17235997 | F85: =F86 -> 17116283 | G85: =E85-F85 -> 119713.88
B86: Расходы на обеспечение деятельности (оказание услуг) муниципальных учреждений | C86: 5260000590 | E86: =E87+E88+E89 -> 17235997 | F86: =F87+F88+F89 -> 17116283 | G86: =E86-F86 -> 119713.88
B87: Расходы на выплаты персоналу в целях обеспечения выполнения функций государственными (муниципальными) органами, казенными учреждениями, органами управления государственными внебюджетными фондами | C87: 5260000590 | D87: 100 | E87: ='приложение 5'!I84 -> 13645800 | F87: ='приложение 5'!J84 -> 13618770 | G87: =E87-F87 -> 27029.84
B88: Закупка товаров, работ и услуг для обеспечения государственных (муниципальных) нужд | C88: 5260000590 | D88: 200 | E88: ='приложение 5'!I85 -> 3064897 | F88: ='приложение 5'!J85 -> 2972229.7 | G88: =E88-F88 -> 92667.3
B89: Иные бюджетные ассигнования | C89: 5260000590 | D89: 800 | E89: ='приложение 5'!I86 -> 525300 | F89: ='приложение 5'!J86 -> 525283.26 | G89: =E89-F89 -> 16.74
B90: Новое поколение | C90: 5270000000 | E90: =E91 -> 13962800 | F90: =F91 -> 13938774 | G90: =E90-F90 -> 24026.02
B91: Расходы на обеспечение деятельности (оказание услуг) муниципальных учреждений | C91: 5270000590 | E91: =E92+E93+E94 -> 13962800 | F91: =F92+F93+F94 -> 13938774 | G91: =E91-F91 -> 24026.02
B92: Расходы на выплаты персоналу в целях обеспечения выполнения функций государственными (муниципальными) органами, казенными учреждениями, органами управления государственными внебюджетными фондами | C92: 5270000590 | D92: 100 | E92: ='приложение 5'!I741 -> 12368000 | F92: ='приложение 5'!J741 -> 12343996 | G92: =E92-F92 -> 24004.02
B93: Закупка товаров, работ и услуг для обеспечения государственных (муниципальных) нужд | C93: 5270000590 | D93: 200 | E93: ='приложение 5'!I742 -> 1592100 | F93: ='приложение 5'!J742 -> 1592100 | G93: =E93-F93 -> 0
B94: Иные бюджетные ассигнования | C94: 5270000590 | D94: 800 | E94: ='приложение 5'!I743 -> 2700 | F94: ='приложение 5'!J743 -> 2678 | G94: =E94-F94 -> 22
B95: Центр военно-патриотического воспитания подростков и молодежи имени Героя Советского Союза С.Т.Голенева | C95: 5280000000 | E95: =E96 -> 4020600 | F95: =F96 -> 4005524.5 | G95: =E95-F95 -> 15075.48
B96: Расходы на обеспечение деятельности (оказания услуг) муниципальных учреждений | C96: 5280000590 | E96: =E97+E98+E99 -> 4020600 | F96: =F97+F98+F99 -> 4005524.5 | G96: =E96-F96 -> 15075.48
B97: Расходы на выплаты персоналу в целях обеспечения выполнения функций государственными (муниципальными) органами, казенными учреждениями, органами управления государственными внебюджетными фондами | C97: 5280000590 | D97: 100 | E97: ='приложение 5'!I746 -> 3766500 | F97: ='приложение 5'!J746 -> 3751424.5 | G97: =E97-F97 -> 15075.48
B98: Закупка товаров, работ и услуг для обеспечения государственных (муниципальных) нужд | C98: 5280000590 | D98: 200 | E98: ='приложение 5'!I747 -> 254100 | F98: ='приложение 5'!J747 -> 254100 | G98: =E98-F98 -> 0
B99: Иные бюджетные ассигнования | C99: 5280000590 | D99: 800 | E99: ='приложение 5'!I748 -> 0 | F99: ='приложение 5'!J748 -> 0 | G99: =E99-F99 -> 0
A100: 4. | B100: Муниципальная программа "Молодежная политика, оздоровление, занятость детей и подростков" | C100: 5300000000 | E100: =E101+E106 -> 3243300 | F100: =F101+F106 -> 3241667.3 | G100: =E100-F100 -> 1632.68
B101: Мероприятия в области молодежной политики | C101: 5310000000 | E101: =E102 -> 1943300 | F101: =F102 -> 1941729.4 | G101: =E101-F101 -> 1570.58
...

Sheet приложение 5
J1: Приложение 5
J2: к решению Совета муниципального образования Белореченский муниципальный район Краснодарского края от 31 июля 2025 г. № 184 "Об утверждении отчета об исполнении бюджета муниципального образования Белореченский муниципальный район Краснодарского края за 2024 год"
C3: Исполнение ведомственной структуры расходов бюджета муниципального образования Белореченский муниципальный район Краснодарского края за 2024 год
I4: (рублей)
B5: № п\п | C5: Наименование | D5: Коды бюджетной классификации | I5: Утверждено | J5: Исполнено | K5: Отклонение | L5: Первоначальный бюджет на 2024 год | M5: 45285 | N5: 45303 | O5: 45316 | P5: 45343 | Q5: 45379 | R5: 45407 | S5: 45449 | T5: 45470 | U5: На 25.07.2024 | V5: 45533 | W5: 00.09.2024 | X5: 45589 | Y5: 45617 | Z5: 45638 | AA5: 45650 | AB5: Формулы не заполнять
D6: Вед | E6: Раздел | F6: Подраздел | G6: Целевая статья | H6: Вид расхода
B7: 1 | C7: 2 | D7: 3 | E7: 4 | F7: 5 | G7: 6 | H7: 7 | I7: 8 | J7: 9 | K7: 10 | L7: 8
C8: ВСЕГО | I8: =SUM(L8:AB8) -> 5.1319331e+09 | J8: =J9+J25+J328+J358+J375+J399+J423+J592+J680+J729+J781 -> 4.9323096e+09 | K8: =I8-J8 -> 1.9962348e+08 | L8: =L9+L25+L328+L358+L375+L399+L423+L592+L680+L729+L781 -> 3479117500 | M8: =M9+M25+M328+M358+M375+M399+M423+M592+M680+M729+M781 -> 179535000 | N8: =N9+N25+N328+N358+N375+N399+N423+N592+N680+N729+N781 -> 58056050 | O8: =O9+O25+O328+O358+O375+O399+O423+O592+O680+O729+O781 -> 1.3462968e+08 | P8: =P9+P25+P328+P358+P375+P399+P423+P592+P680+P729+P781 -> 19156810 | Q8: =Q9+Q25+Q328+Q358+Q375+Q399+Q423+Q592+Q680+Q729+Q781 -> 780503940 | R8: =R9+R25+R328+R358+R375+R399+R423+R592+R680+R729+R781 -> 52836000 | S8: =S9+S25+S328+S358+S375+S399+S423+S592+S680+S729+S781 -> 48885322 | ... AB8: =AB9+AB25+AB328+AB358+AB375+AB399+AB423+AB592+AB680+AB729+AB781 -> 0
B9: 1. | C9: Совет муниципального образования Белореченский муниципальный район Краснодарского края | D9: 901 | I9: =SUM(L9:AB9) -> 11236300 | J9: =J10 -> 11203002 | K9: =I9-J9 -> 33297.79 | L9: =L10 -> 7461200 | M9: =M10 -> 0 | N9: =N10 -> 0 | O9: =O10 -> 0 | P9: =P10 -> 0 | Q9: =Q10 -> 0 | R9: =R10 -> 0 | S9: =S10 -> 1075100 | ... AB9: =AB10 -> 0
C10: Общегосударственные вопросы | D10: 901 | E10: 01 | F10: 00 | I10: =SUM(L10:AB10) -> 11236300 | J10: =J20+J11 -> 11203002 | K10: =I10-J10 -> 33297.79 | L10: =L20+L11 -> 7461200 | M10: =M20+M11 -> 0 | N10: =N20+N11 -> 0 | O10: =O20+O11 -> 0 | P10: =P20+P11 -> 0 | Q10: =Q20+Q11 -> 0 | R10: =R20+R11 -> 0 | S10: =S20+S11 -> 1075100 | ... AB10: =AB20+AB11 -> 0
C11: Функционирование законодательных (представительных) органов государственной власти и и представительных органов муниципальных образований | D11: 901 | E11: 01 | F11: 03 | I11: =SUM(L11:AB11) -> 7445925 | J11: =J12 -> 7412627.2 | K11: =I11-J11 -> 33297.79 | L11: =L12 -> 6537200 | M11: =M12 -> 0 | N11: =N12 -> 0 | O11: =O12 -> 0 | P11: =P12 -> 0 | Q11: =Q12 -> 0 | R11: =R12 -> 0 | S11: =S12 -> 975100 | ... AB11: =AB12 -> 0
C12: Другие непрограммные направления деятельности органов местного самоуправления | D12: 901 | E12: 01 | F12: 03 | G12: 9900000000 | I12: =SUM(L12:AB12) -> 7445925 | J12: =J13+J16 -> 7412627.2 | K12: =I12-J12 -> 33297.79 | L12: =L13+L16 -> 6537200 | M12: =M13+M16 -> 0 | N12: =N13+N16 -> 0 | O12: =O13+O16 -> 0 | P12: =P13+P16 -> 0 | Q12: =Q13+Q16 -> 0 | R12: =R13+R16 -> 0 | S12: =S13+S16 -> 975100 | ... AB12: =AB13+AB16 -> 0
C13: Обеспечение деятельности лиц, замещающих муниципальные должности в представительных органах, контрольно-счетных органах муниципальных образований | D13: 901 | E13: 01 | F13: 03 | G13: 9910000000 | I13: =SUM(L13:AB13) -> 2510200 | J13: =J14 -> 2484581.3 | K13: =I13-J13 -> 25618.68 | L13: =L14 -> 2187200 | M13: =M14 -> 0 | N13: =N14 -> 0 | O13: =O14 -> 0 | P13: =P14 -> 0 | Q13: =Q14 -> 0 | R13: =R14 -> 0 | S13: =S14 -> 323000 | ... AB13: =AB14 -> 0
C14: Расходы на обеспечение функций органов местного самоуправления | D14: 901 | E14: 01 | F14: 03 | G14: 9910000190 | I14: =SUM(L14:AB14) -> 2510200 | J14: =J15 -> 2484581.3 | K14: =I14-J14 -> 25618.68 | L14: =L15 -> 2187200 | M14: =M15 -> 0 | N14: =N15 -> 0 | O14: =O15 -> 0 | P14: =P15 -> 0 | Q14: =Q15 -> 0 | R14: =R15 -> 0 | S14: =S15 -> 323000 | ... AB14: =AB15 -> 0
C15: Расходы на выплаты персоналу в целях обеспечения выполнения функций государственными (муниципальными) органами, казенными учреждениями, органами управления государственными внебюджетными фондами | D15: 901 | E15: 01 | F15: 03 | G15: 9910000190 | H15: 100 | I15: =SUM(L15:AB15) -> 2510200 | J15: 2484581.3 | K15: =I15-J15 -> 25618.68 | L15: 2187200 | S15: 323000
C16: Обеспечение деятельности муниципальных и немуниципальных служащих в представительных органах, контрольно-счетных органах муниципальных образований | D16: 901 | E16: 01 | F16: 03 | G16: 9920000000 | I16: =SUM(L16:AB16) -> 4935725 | J16: =J17 -> 4928045.9 | K16: =I16-J16 -> 7679.11 | L16: =L17 -> 4350000 | M16: =M17 -> 0 | N16: =N17 -> 0 | O16: =O17 -> 0 | P16: =P17 -> 0 | Q16: =Q17 -> 0 | R16: =R17 -> 0 | S16: =S17 -> 652100 | ... AB16: =AB17 -> 0
C17: Расходы на обеспечение функций органов местного самоуправления | D17: 901 | E17: 01 | F17: 03 | G17: 9920000190 | I17: =SUM(L17:AB17) -> 4935725 | J17: =J18+J19 -> 4928045.9 | K17: =I17-J17 -> 7679.11 | L17: =L18+L19 -> 4350000 | M17: =M18+M19 -> 0 | N17: =N18+N19 -> 0 | O17: =O18+O19 -> 0 | P17: =P18+P19 -> 0 | Q17: =Q18+Q19 -> 0 | R17: =R18+R19 -> 0 | S17: =S18+S19 -> 652100 | ... AB17: =AB18+AB19 -> 0
C18: Расходы на выплаты персоналу в целях обеспечения выполнения функций государственными (муниципальными) органами, казенными учреждениями, органами управления государственными внебюджетными фондами | D18: 901 | E18: 01 | F18: 03 | G18: 9920000190 | H18: 100 | I18: =SUM(L18:AB18) -> 4932100 | J18: 4924420.9 | K18: =I18-J18 -> 7679.11 | L18: 4345000 | S18: 652100 | AA18: -65000
C19: Иные бюджетные ассигнования | D19: 901 | E19: 01 | F19: 03 | G19: 9920000190 | H19: 800 | I19: =SUM(L19:AB19) -> 3625 | J19: 3625 | K19: =I19-J19 -> 0 | L19: 5000 | Y19: -1375
C20: Другие общегосударственные вопросы | D20: 901 | E20: 01 | F20: 13 | I20: =SUM(L20:AB20) -> 3790375 | J20: =J21 -> 3790375 | K20: =I20-J20 -> 0 | L20: =L21 -> 924000 | M20: =M21 -> 0 | N20: =N21 -> 0 | O20: =O21 -> 0 | P20: =P21 -> 0 | Q20: =Q21 -> 0 | R20: =R21 -> 0 | S20: =S21 -> 100000 | ... AB20: =AB21 -> 0
C21: Муниципальная программа "Обеспечение деятельности органов местного самоуправления" | D21: 901 | E21: 01 | F21: 13 | G21: 5000000000 | I21: =SUM(L21:AB21) -> 3790375 | J21: =J22 -> 3790375 | K21: =I21-J21 -> 0 | L21: =L22 -> 924000 | M21: =M22 -> 0 | N21: =N22 -> 0 | O21: =O22 -> 0 | P21: =P22 -> 0 | Q21: =Q22 -> 0 | R21: =R22 -> 0 | S21: =S22 -> 100000 | ... AB21: =AB22 -> 0
C22: Укрепление материально-технической базы органов местного самоуправления | D22: 901 | E22: 01 | F22: 13 | G22: 5030000000 | I22: =SUM(L22:AB22) -> 3790375 | J22: =J23 -> 3790375 | K22: =I22-J22 -> 0 | L22: =L23 -> 924000 | M22: =M23 -> 0 | N22: =N23 -> 0 | O22: =O23 -> 0 | P22: =P23 -> 0 | Q22: =Q23 -> 0 | R22: =R23 -> 0 | S22: =S23 -> 100000 | ... AB22: =AB23 -> 0
C23: Укрепление материально-технического оснащения для бесперебойного обеспечения бюджетного процесса | D23: 901 | E23: 01 | F23: 13 | G23: 5030010030 | I23: =SUM(L23:AB23) -> 3790375 | J23: =J24 -> 3790375 | K23: =I23-J23 -> 0 | L23: =L24 -> 924000 | M23: =M24 -> 0 | N23: =N24 -> 0 | O23: =O24 -> 0 | P23: =P24 -> 0 | Q23: =Q24 -> 0 | R23: =R24 -> 0 | S23: =S24 -> 100000 | ... AB23: =AB24 -> 0
C24: Закупка товаров, работ и услуг для обеспечения государственных (муниципальных) нужд | D24: 901 | E24: 01 | F24: 13 | G24: 5030010030 | H24: 200 | I24: =SUM(L24:AB24) -> 3790375 | J24: 3790375 | K24: =I24-J24 -> 0 | L24: 924000 | S24: 100000 | X24: =200000+2500000 -> 2700000 | Y24: 1375 | AA24: 65000
B25: 2. | C25: Администрация муниципального образования Белореченский муниципальный район Краснодарского края | D25: 902 | I25: =SUM(L25:AB25) -> 1.7411394e+09 | J25: =J26+J105+J149+J180+J239+J284+J272+J311+J323 -> 1.5518402e+09 | K25: =I25-J25 -> 1.8929925e+08 | L25: =L26+L105+L149+L180+L239+L284+L272+L311 -> 900099200 | M25: =M26+M105+M149+M180+M239+M284+M272+M311 -> 102651300 | N25: =N26+N105+N149+N180+N239+N284+N272+N311 -> 58056050 | O25: =O26+O105+O149+O180+O239+O284+O272+O311 -> 74706177 | P25: =P26+P105+P149+P180+P239+P284+P272+P311 -> 18245370 | Q25: =Q26+Q105+Q149+Q180+Q239+Q284+Q272+Q311 -> 539728570 | R25: =R26+R105+R149+R180+R239+R284+R272+R311+R323 -> 26562300 | S25: =S26+S105+S149+S180+S239+S284+S272+S311 -> 31918077 | T25: =T26+T105+T149+T180+T239+T284+T272+T311 -> 9115400 | U25: =U26+U105+U149+U180+U239+U284+U272+U311 -> 7853730 | V25: =V26+V105+V149+V180+V239+V284+V272+V311 -> 1988700 | W25: =W26+W105+W149+W180+W239+W284+W272+W311 -> 31362300 | X25: =X26+X105+X149+X180+X239+X284+X272+X311 -> -112320000 | Y25: =Y26+Y105+Y149+Y180+Y239+Y284+Y272+Y311 -> 59775860 | Z25: =Z26+Z105+Z149+Z180+Z239+Z284+Z272+Z311 -> -4149989 | ... AB25: =AB26+AB105+AB149+AB180+AB239+AB284+AB272+AB311 -> 0
C26: Общегосударственные вопросы | D26: 902 | E26: 01 | F26: 00 | I26: =SUM(L26:AB26) -> 3.20642e+08 | J26: =J27+J32+J48+J53+J44 -> 2.8292907e+08 | K26: =I26-J26 -> 37712927 | L26: =L27+L32+L48+L53+L44 -> 189606800 | M26: =M27+M32+M48+M53+M44 -> 56848100 | N26: =N27+N32+N48+N53+N44 -> 0 | O26: =O27+O32+O48+O53+O44 -> -4744224 | P26: =P27+P32+P48+P53+P44 -> 2264670 | Q26: =Q27+Q32+Q48+Q53+Q44 -> 1263150 | R26: =R27+R32+R48+R53+R44 -> 400000 | S26: =S27+S32+S48+S53+S44 -> 30740877 | ... AB26: =AB27+AB32+AB48+AB53+AB44 -> 0
C27: Функционирование высшего должностного лица субъекта Российской Федерации и муниципального образования | D27: 902 | E27: 01 | F27: 02 | I27: =SUM(L27:AB27) -> 2949700 | J27: =J28 -> 2916967.6 | K27: =I27-J27 -> 32732.42 | L27: =L28 -> 2429700 | M27: =M28 -> 0 | N27: =N28 -> 0 | O27: =O28 -> 0 | P27: =P28 -> 0 | Q27: =Q28 -> 0 | R27: =R28 -> 0 | S27: =S28 -> 350000 | ... AB27: =AB28 -> 0
C28: Муниципальная программа "Обеспечение деятельности органов местного самоуправления" | D28: 902 | E28: 01 | F28: 02 | G28: 5000000000 | I28: =SUM(L28:AB28) -> 2949700 | J28: =J29 -> 2916967.6 | K28: =I28-J28 -> 32732.42 | L28: =L29 -> 2429700 | M28: =M29 -> 0 | N28: =N29 -> 0 | O28: =O29 -> 0 | P28: =P29 -> 0 | Q28: =Q29 -> 0 | R28: =R29 -> 0 | S28: =S29 -> 350000 | ... AB28: =AB29 -> 0
C29: Обеспечение деятельности высшего должностного лица муниципального образования | D29: 902 | E29: 01 | F29: 02 | G29: 5010000000 | I29: =SUM(L29:AB29) -> 2949700 | J29: =J30 -> 2916967.6 | K29: =I29-J29 -> 32732.42 | L29: =L30 -> 2429700 | M29: =M30 -> 0 | N29: =N30 -> 0 | O29: =O30 -> 0 | P29: =P30 -> 0 | Q29: =Q30 -> 0 | R29: =R30 -> 0 | S29: =S30 -> 350000 | ... AB29: =AB30 -> 0
C30: Расходы на обеспечение функций органов местного самоуправления | D30: 902 | E30: 01 | F30: 02 | G30: 5010000190 | I30: =SUM(L30:AB30) -> 2949700 | J30: =J31 -> 2916967.6 | K30: =I30-J30 -> 32732.42 | L30: =L31 -> 2429700 | M30: =M31 -> 0 | N30: =N31 -> 0 | O30: =O31 -> 0 | P30: =P31 -> 0 | Q30: =Q31 -> 0 | R30: =R31 -> 0 | S30: =S31 -> 350000 | ... AB30: =AB31 -> 0
C31: Расходы на выплаты персоналу в целях обеспечения выполнения функций государственными (муниципальными) органами, казенными учреждениями, органами управления государственными внебюджетными фондами | D31: 902 | E31: 01 | F31: 02 | G31: 5010000190 | H31: 100 | I31: =SUM(L31:AB31) -> 2949700 | J31: 2916967.6 | K31: =I31-J31 -> 32732.42 | L31: 2429700 | S31: 350000 | Z31: 170000
C32: Функционирование Правительства Российской Федерации, высших исполнительных органов государственной власти субъектов Российской Федерации, местных администраций | D32: 902 | E32: 01 | F32: 04 | I32: =SUM(L32:AB32) -> 103787600 | J32: =J33 -> 1.0349196e+08 | K32: =I32-J32 -> 295641.48 | L32: =L33 -> 89095800 | M32: =M33 -> 0 | N32: =N33 -> 0 | O32: =O33 -> 0 | P32: =P33 -> 0 | Q32: =Q33 -> 0 | R32: =R33 -> 0 | S32: =S33 -> 13084800 | ... AB32: =AB33 -> 0
C33: Муниципальная программа "Обеспечение деятельности органов местного самоуправления" | D33: 902 | E33: 01 | F33: 04 | G33: 5000000000 | I33: =SUM(L33:AB33) -> 103787600 | J33: =J34 -> 1.0349196e+08 | K33: =I33-J33 -> 295641.48 | L33: =L34 -> 89095800 | M33: =M34 -> 0 | N33: =N34 -> 0 | O33: =O34 -> 0 | P33: =P34 -> 0 | Q33: =Q34 -> 0 | R33: =R34 -> 0 | S33: =S34 -> 13084800 | ... AB33: =AB34 -> 0
C34: Обеспечение деятельности администрации муниципального образования | D34: 902 | E34: 01 | F34: 04 | G34: 5020000000 | I34: =SUM(L34:AB34) -> 103787600 | J34: =J35+J38+J41 -> 1.0349196e+08 | K34: =I34-J34 -> 295641.48 | L34: =L35+L38+L41 -> 89095800 | M34: =M35+M38+M41 -> 0 | N34: =N35+N38+N41 -> 0 | O34: =O35+O38+O41 -> 0 | P34: =P35+P38+P41 -> 0 | Q34: =Q35+Q38+Q41 -> 0 | R34: =R35+R38+R41 -> 0 | S34: =S35+S38+S41 -> 13084800 | ... AB34: =AB35+AB38+AB41 -> 0
C35: Расходы на обеспечение функций органов местного самоуправления | D35: 902 | E35: 01 | F35: 04 | G35: 5020000190 | I35: =SUM(L35:AB35) -> 98927000 | J35: =J36+J37 -> 98631359 | K35: =I35-J35 -> 295641.48 | L35: =L36+L37 -> 84235200 | M35: =M36+M37 -> 0 | N35: =N36+N37 -> 0 | O35: =O36+O37 -> 0 | P35: =P36+P37 -> 0 | Q35: =Q36+Q37 -> 0 | R35: =R36+R37 -> 0 | S35: =S36+S37 -> 13084800 | ... AB35: =AB36+AB37 -> 0
C36: Расходы на выплаты персоналу в целях обеспечения выполнения функций государственными (муниципальными) органами, казенными учреждениями, органами управления государственными внебюджетными фондами | D36: 902 | E36: 01 | F36: 04 | G36: 5020000190 | H36: 100 | I36: =SUM(L36:AB36) -> 98927000 | J36: 98631359 | K36: =I36-J36 -> 295641.48 | L36: 84235200 | S36: 13084800 | T36: 700000 | X36: 100000 | Z36: -170000 | AA36: 977000
C37: Иные бюджетные ассигнования | D37: 902 | E37: 01 | F37: 04 | G37: 5020000190 | H37: 800 | I37: =SUM(L37:AB37) -> 0 | L37: 0 | M37: 0 | N37: 0 | O37: 0 | P37: 0 | Q37: 0 | R37: 0 | S37: 0 | T37: 0 | U37: 0 | V37: 0 | W37: 0 | X37: 0 | Y37: 0 | Z37: 0 | AA37: 0 | AB37: 0
C38: Осуществление отдельных государственных полномочий по ведению учета граждан отдельных категорий в качестве нуждающихся в жилых помещениях и по формированию списка детей-сирот и детей, оставшихся без попечения родителей, лиц из числа детей-сирот и детей, оставшихся без попечения родителей, лиц, относившихся к категории детей-сирот и детей, оставшихся без попечения родителей, подлежащих обеспечению жилыми помещениями | D38: 902 | E38: 01 | F38: 04 | G38: 5020060870 | I38: =SUM(L38:AB38) -> 755800 | J38: =J39+J40 -> 755800 | K38: =I38-J38 -> 0 | L38: =L39+L40 -> 755800 | M38: =M39+M40 -> 0 | N38: =N39+N40 -> 0 | O38: =O39+O40 -> 0 | P38: =P39+P40 -> 0 | Q38: =Q39+Q40 -> 0 | R38: =R39+R40 -> 0 | S38: =S39+S40 -> 0 | ... AB38: =AB39+AB40 -> 0
C39: Расходы на выплаты персоналу в целях обеспечения выполнения функций государственными (муниципальными) органами, казенными учреждениями, органами управления государственными внебюджетными фондами | D39: 902 | E39: 01 | F39: 04 | G39: 5020060870 | H39: 100 | I39: =SUM(L39:AB39) -> 755800 | J39: 755800 | K39: =I39-J39 -> 0 | L39: 755800
C40: Закупка товаров, работ и услуг для обеспечения государственных (муниципальных) нужд | D40: 902 | E40: 01 | F40: 04 | G40: 5020060870 | H40: 200 | I40: =SUM(L40:AB40) -> 0
C41: Осуществление отдельных государственных полномочий по созданию и организации деятельности комиссий по делам несовершеннолетних и защите их прав | D41: 902 | E41: 01 | F41: 04 | G41: 5020069200 | I41: =SUM(L41:AB41) -> 4104800 | J41: =J42+J43 -> 4104800 | K41: =I41-J41 -> 0 | L41: =L42+L43 -> 4104800 | M41: =M42+M43 -> 0 | N41: =N42+N43 -> 0 | O41: =O42+O43 -> 0 | P41: =P42+P43 -> 0 | Q41: =Q42+Q43 -> 0 | R41: =R42+R43 -> 0 | S41: =S42+S43 -> 0 | ... AB41: =AB42+AB43 -> 0
C42: Расходы на выплаты персоналу в целях обеспечения выполнения функций государственными (муниципальными) органами, казенными учреждениями, органами управления государственными внебюджетными фондами | D42: 902 | E42: 01 | F42: 04 | G42: 5020069200 | H42: 100 | I42: =SUM(L42:AB42) -> 4004800 | J42: 4004800 | K42: =I42-J42 -> 0 | L42: 3780800 | P42: 224000
C43: Закупка товаров, работ и услуг для обеспечения государственных (муниципальных) нужд | D43: 902 | E43: 01 | F43: 04 | G43: 5020069200 | H43: 200 | I43: =SUM(L43:AB43) -> 100000 | J43: 100000 | K43: =I43-J43 -> 0 | L43: 324000 | P43: -224000
C44: Судебная система | D44: 902 | E44: 01 | F44: 05 | I44: =SUM(L44:AB44) -> 8600 | J44: =J45 -> 8600 | K44: =I44-J44 -> 0 | L44: =L45 -> 20300 | M44: =M45 -> -11700 | N44: =N45 -> 0 | O44: =O45 -> 0 | P44: =P45 -> 0 | Q44: =Q45 -> 0 | R44: =R45 -> 0 | S44: =S45 -> 0 | ... AB44: =AB45 -> 0
C45: Другие непрограммные направления деятельности органов местного самоуправления | D45: 902 | E45: 01 | F45: 05 | G45: 9900000000 | I45: =SUM(L45:AB45) -> 8600 | J45: =J46 -> 8600 | K45: =I45-J45 -> 0 | L45: =L46 -> 20300 | M45: =M46 -> -11700 | N45: =N46 -> 0 | O45: =O46 -> 0 | P45: =P46 -> 0 | Q45: =Q46 -> 0 | R45: =R46 -> 0 | S45: =S46 -> 0 | ... AB45: =AB46 -> 0
C46: Осуществление полномочий по составлению (изменению) списков кандидатов в присяжные заседатели федеральных судов общей юрисдикции в Российской Федерации | D46: 902 | E46: 01 | F46: 05 | G46: 9900051200 | I46: =SUM(L46:AB46) -> 8600 | J46: =J47 -> 8600 | K46: =I46-J46 -> 0 | L46: =L47 -> 20300 | M46: =M47 -> -11700 | N46: =N47 -> 0 | O46: =O47 -> 0 | P46: =P47 -> 0 | Q46: =Q47 -> 0 | R46: =R47 -> 0 | S46: =S47 -> 0 | ... AB46: =AB47 -> 0
C47: Закупка товаров, работ и услуг для обеспечения государственных (муниципальных) нужд | D47: 902 | E47: 01 | F47: 05 | G47: 9900051200 | H47: 200 | I47: =SUM(L47:AB47) -> 8600 | J47: 8600 | K47: =I47-J47 -> 0 | L47: 20300 | M47: -11700
C48: Резервные фонды | D48: 902 | E48: 01 | F48: 11 | I48: =SUM(L48:AB48) -> 32102214 | J48: =J49 -> 0 | K48: =I48-J48 -> 32102214 | L48: =L49 -> 4561900 | M48: =M49 -> 0 | N48: =N49 -> 0 | O48: =O49 -> 0 | P48: =P49 -> 0 | Q48: =Q49 -> 0 | R48: =R49 -> 0 | S48: =S49 -> 0 | ... AB48: =AB49 -> 0
C49: Другие непрограммные направления деятельности органов местного самоуправления | D49: 902 | E49: 01 | F49: 11 | G49: 9900000000 | I49: =SUM(L49:AB49) -> 32102214 | J49: =J50 -> 0 | K49: =I49-J49 -> 32102214 | L49: =L50 -> 4561900 | M49: =M50 -> 0 | N49: =N50 -> 0 | O49: =O50 -> 0 | P49: =P50 -> 0 | Q49: =Q50 -> 0 | R49: =R50 -> 0 | S49: =S50 -> 0 | ... AB49: =AB50 -> 0
C50: Финансовое обеспечение непредвиденных расходов | D50: 902 | E50: 01 | F50: 11 | G50: 9930000000 | I50: =SUM(L50:AB50) -> 32102214 | J50: =J51 -> 0 | K50: =I50-J50 -> 32102214 | L50: =L51 -> 4561900 | M50: =M51 -> 0 | N50: =N51 -> 0 | O50: =O51 -> 0 | P50: =P51 -> 0 | Q50: =Q51 -> 0 | R50: =R51 -> 0 | S50: =S51 -> 0 | ... AB50: =AB51 -> 0
C51: Резервные фонды администрации | D51: 902 | E51: 01 | F51: 11 | G51: 9930020590 | I51: =SUM(L51:AB51) -> 32102214 | J51: =J52 -> 0 | K51: =I51-J51 -> 32102214 | L51: =L52 -> 4561900 | M51: =M52 -> 0 | N51: =N52 -> 0 | O51: =O52 -> 0 | P51: =P52 -> 0 | Q51: =Q52 -> 0 | R51: =R52 -> 0 | S51: =S52 -> 0 | ... AB51: =AB52 -> 0
C52: Иные бюджетные ассигнования | D52: 902 | E52: 01 | F52: 11 | G52: 9930020590 | H52: 800 | I52: =SUM(L52:AB52) -> 32102214 | J52: 0 | K52: =I52-J52 -> 32102214 | L52: 4561900 | V52: =1335700 -> 1335700 | W52: -1300000 | X52: -2315796.5 | Y52: 6078126 | Z52: 7976092 | AA52: 15766192
C53: Другие общегосударственные вопросы | D53: 902 | E53: 01 | F53: 13 | I53: =SUM(L53:AB53) -> 181793882 | J53: =J65+J91+J54+J87 -> 1.7651154e+08 | K53: =I53-J53 -> 5282339.5 | L53: =L65+L91+L54 -> 93499100 | M53: =M65+M91+M54 -> 56859800 | N53: =N65+N91+N54 -> 0 | O53: =O65+O91+O54 -> -4744224 | P53: =P65+P91+P54 -> 2264670 | Q53: =Q65+Q91+Q54 -> 1263150 | R53: =R65+R91+R54 -> 400000 | S53: =S65+S91+S54 -> 17306077 | T53: =T65+T91+T54 -> 2303400 | U53: =U65+U91+U54+U87 -> 5372330 | V53: =V65+V91+V54 -> 144008 | W53: =W65+W91+W54+W87 -> 6151000 | X53: =X65+X91+X54+X87 -> 1358700 | Y53: =Y65+Y91+Y54 -> 1599574 | Z53: =Z65+Z91+Z54 -> -1333303 | AA53: =AA65+AA91+AA54 -> -650400 | AB53: =AB65+AB91+AB54 -> 0
C54: Муниципальная программа "Обеспечение деятельности органов местного самоуправления" | D54: 902 | E54: 01 | F54: 13 | G54: 5000000000 | I54: =SUM(L54:AB54) -> 14066421 | J54: =J55+J59+J62 -> 13758163 | K54: =I54-J54 -> 308258 | L54: =L55+L59+L62 -> 8963400 | M54: =M55+M59+M62 -> 0 | N54: =N55+N59+N62 -> 0 | O54: =O55+O59+O62 -> 0 | P54: =P55+P59+P62 -> 0 | Q54: =Q55+Q59+Q62 -> 500000 | R54: =R55+R59+R62 -> 0 | S54: =S55+S59+S62 -> 1259013 | ... AB54: =AB55+AB59+AB62 -> 0
C55: Укрепление материально-технической базы органов местного самоуправления | D55: 902 | E55: 01 | F55: 13 | G55: 5030000000 | I55: =SUM(L55:AB55) -> 7209821 | J55: =J56 -> 6937836 | K55: =I55-J55 -> 271985.01 | L55: =L56 -> 3306800 | M55: =M56 -> 0 | N55: =N56 -> 0 | O55: =O56 -> 0 | P55: =P56 -> 0 | Q55: =Q56 -> 500000 | R55: =R56 -> 0 | S55: =S56 -> 1259013 | ... AB55: =AB56 -> 0
C56: Укрепление материально-технического оснащения для бесперебойного обеспечения бюджетного процесса | D56: 902 | E56: 01 | F56: 13 | G56: 5030010030 | I56: =SUM(L56:AB56) -> 7209821 | J56: =J57+J58 -> 6937836 | K56: =I56-J56 -> 271985.01 | L56: =L57 -> 3306800 | M56: =M57 -> 0 | N56: =N57 -> 0 | O56: =O57 -> 0 | P56: =P57+P58 -> 0 | Q56: =Q57 -> 500000 | R56: =R57 -> 0 | S56: =S57+S58 -> 1259013 | T56: =T57+T58 -> 900000 | U56: =U57 -> 300000 | V56: =V57 -> 144008 | W56: =W57 -> 0 | X56: =X57 -> 0 | Y56: =Y57+Y58 -> 800000 | Z56: =Z57 -> 0 | AA56: =AA57 -> 0 | AB56: =AB57 -> 0
C57: Закупка товаров, работ и услуг для обеспечения государственных (муниципальных) нужд | D57: 902 | E57: 01 | F57: 13 | G57: 5030010030 | H57: 200 | I57: =SUM(L57:AB57) -> 6184751 | J57: 5912766.9 | K57: =I57-J57 -> 271984.12 | L57: 3306800 | P57: -1000000 | Q57: 500000 | S57: 1209013 | T57: 900000 | U57: 300000 | V57: 144008 | Y57: 824930
C58: Иные бюджетные ассигнования | D58: 902 | E58: 01 | F58: 13 | G58: 5030010030 | H58: 800 | I58: =SUM(L58:AB58) -> 1025070 | J58: 1025069.1 | K58: =I58-J58 -> 0.89 | P58: 1000000 | S58: 50000 | Y58: -24930
C59: Повышение информированности населения о деятельности органов власти | D59: 902 | E59: 01 | F59: 13 | G59: 5040000000 | I59: =SUM(L59:AB59) -> 1600000 | J59: =J60 -> 1600000 | K59: =I59-J59 -> 0 | L59: =L60 -> 700000 | M59: =M60 -> 0 | N59: =N60 -> 0 | O59: =O60 -> 0 | P59: =P60 -> 0 | Q59: =Q60 -> 0 | R59: =R60 -> 0 | S59: =S60 -> 0 | ... AB59: =AB60 -> 0
C60: Обеспечение информационной открытости органов власти | D60: 902 | E60: 01 | F60: 13 | G60: 5040010560 | I60: =SUM(L60:AB60) -> 1600000 | J60: =J61 -> 1600000 | K60: =I60-J60 -> 0 | L60: =L61 -> 700000 | M60: =M61 -> 0 | N60: =N61 -> 0 | O60: =O61 -> 0 | P60: =P61 -> 0 | Q60: =Q61 -> 0 | R60: =R61 -> 0 | S60: =S61 -> 0 | ... AB60: =AB61 -> 0
C61: Закупка товаров, работ и услуг для обеспечения государственных (муниципальных) нужд | D61: 902 | E61: 01 | F61: 13 | G61: 5040010560 | H61: 200 | I61: =SUM(L61:AB61) -> 1600000 | J61: 1600000 | K61: =I61-J61 -> 0 | L61: 700000 | T61: 800000 | Y61: 100000
C62: Создание информационно-технической инфраструктуры администрации | D62: 902 | E62: 01 | F62: 13 | G62: 5050000000 | I62: =SUM(L62:AB62) -> 5256600 | J62: =J63 -> 5220327 | K62: =I62-J62 -> 36272.99 | L62: =L63 -> 4956600 | M62: =M63 -> 0 | N62: =N63 -> 0 | O62: =O63 -> 0 | P62: =P63 -> 0 | Q62: =Q63 -> 0 | R62: =R63 -> 0 | S62: =S63 -> 0 | ... AB62: =AB63 -> 0
C63: Информатизация администрации муниципального образования | D63: 902 | E63: 01 | F63: 13 | G63: 5050010780 | I63: =SUM(L63:AB63) -> 5256600 | J63: =J64 -> 5220327 | K63: =I63-J63 -> 36272.99 | L63: =L64 -> 4956600 | M63: =M64 -> 0 | N63: =N64 -> 0 | O63: =O64 -> 0 | P63: =P64 -> 0 | Q63: =Q64 -> 0 | R63: =R64 -> 0 | S63: =S64 -> 0 | ... AB63: =AB64 -> 0
C64: Закупка товаров, работ и услуг для обеспечения государственных (муниципальных) нужд | D64: 902 | E64: 01 | F64: 13 | G64: 5050010780 | H64: 200 | I64: =SUM(L64:AB64) -> 5256600 | J64: 5220327 | K64: =I64-J64 -> 36272.99 | L64: 4956600 | X64: 500000 | AA64: -200000
C65: Муниципальная программа "Обеспечение деятельности казенных учреждений" | D65: 902 | E65: 01 | F65: 13 | G65: 5200000000 | I65: =SUM(L65:AB65) -> 161023860 | J65: =J66+J71+J82+J76 -> 1.5745182e+08 | K65: =I65-J65 -> 3572043.6 | L65: =L66+L71+L82 -> 73325700 | M65: =M66+M71+M82 -> 56859800 | N65: =N66+N71+N82 -> 0 | O65: =O66+O71+O82 -> 5171776 | P65: =P66+P71+P82 -> 1764670 | Q65: =Q66+Q71+Q82 -> 326849 | R65: =R66+R71+R82 -> 0 | S65: =S66+S71+S82 -> 15647064 | ... V65: =V66+V71+V82 -> 0 | W65: =W66+W71+W82+W76 -> 5151000 | X65: =X66+X71+X82+X76 -> 848700 | Y65: =Y66+Y71+Y82 -> 699574 | Z65: =Z66+Z71+Z82 -> 170997 | AA65: =AA66+AA71+AA82+AA76 -> -550000 | AB65: =AB66+AB71+AB82 -> 0
C66: Централизованная бухгалтерия | D66: 902 | E66: 01 | F66: 13 | G66: 5210000000 | I66: =SUM(L66:AB66) -> 110151163 | J66: =J67 -> 1.0897893e+08 | K66: =I66-J66 -> 1172230.8 | L66: =L67 -> 33123100 | M66: =M67 -> 56859800 | N66: =N67 -> 0 | O66: =O67 -> 4323776 | P66: =P67 -> 1411970 | Q66: =Q67 -> 326849 | R66: =R67 -> 0 | S66: =S67 -> 12896164 | ... AB66: =AB67 -> 0
C67: Расходы на обеспечение деятельности (оказание услуг) муниципальных учреждений | D67: 902 | E67: 01 | F67: 13 | G67: 5210000590 | I67: =SUM(L67:AB67) -> 110151163 | J67: =J68+J69+J70 -> 1.0897893e+08 | K67: =I67-J67 -> 1172230.8 | L67: =L68+L69+L70 -> 33123100 | M67: =M68+M69+M70 -> 56859800 | N67: =N68+N69+N70 -> 0 | O67: =O68+O69+O70 -> 4323776 | P67: =P68+P69+P70 -> 1411970 | Q67: =Q68+Q69+Q70 -> 326849 | R67: =R68+R69+R70 -> 0 | S67: =S68+S69+S70 -> 12896164 | ... AB67: =AB68+AB69+AB70 -> 0
C68: Расходы на выплаты персоналу в целях обеспечения выполнения функций государственными (муниципальными) органами, казенными учреждениями, органами управления государственными внебюджетными фондами | D68: 902 | E68: 01 | F68: 13 | G68: 5210000590 | H68: 100 | I68: =SUM(L68:AB68) -> 96170616 | J68: 96119311 | K68: =I68-J68 -> 51305.45 | L68: 30507900 | M68: 52169800 | R68: 620000 | S68: =3525700+9022542 -> 12548242 | W68: 1084600 | X68: =-1032800+81000 -> -951800 | Y68: 191874
C69: Закупка товаров, работ и услуг для обеспечения государственных (муниципальных) нужд | D69: 902 | E69: 01 | F69: 13 | G69: 5210000590 | H69: 200 | I69: =SUM(L69:AB69) -> 13847397 | J69: 12726472 | K69: =I69-J69 -> 1120924.5 | L69: 2506200 | M69: 4535200 | O69: 4323776 | P69: =29100+1382870 -> 1411970 | Q69: 326849 | R69: -620000 | S69: 347922 | U69: 304330 | X69: 1142500 | Y69: =96522.88-165873 -> -69350.12 | Z69: =-120000+43997 -> -76003 | AA69: =-170997-115000 -> -285997
C70: Иные бюджетные ассигнования | D70: 902 | E70: 01 | F70: 13 | G70: 5210000590 | H70: 800 | I70: =SUM(L70:AB70) -> 133150.12 | J70: 133149.28 | K70: =I70-J70 -> 0.84 | L70: 109000 | M70: 154800 | Y70: =-96522.88-34127 -> -130649.88
C71: Административно-хозяйственная часть | D71: 902 | E71: 01 | F71: 13 | G71: 5220000000 | I71: =SUM(L71:AB71) -> 31471700 | J71: =J72 -> 29215508 | K71: =I71-J71 -> 2256192.3 | L71: =L72 -> 26752300 | M71: =M72 -> 0 | N71: =N72 -> 0 | O71: =O72 -> 0 | P71: =P72 -> 352700 | Q71: =Q72 -> 0 | R71: =R72 -> 0 | S71: =S72 -> 1343900 | ... AB71: =AB72 -> 0
C72: Расходы на обеспечение деятельности (оказание услуг) муниципальных учреждений | D72: 902 | E72: 01 | F72: 13 | G72: 5220000590 | I72: =SUM(L72:AB72) -> 31471700 | J72: =J73+J74+J75 -> 29215508 | K72: =I72-J72 -> 2256192.3 | L72: =L73+L74+L75 -> 26752300 | M72: =M73+M74+M75 -> 0 | N72: =N73+N74+N75 -> 0 | O72: =O73+O74+O75 -> 0 | P72: =P73+P74+P75 -> 352700 | Q72: =Q73+Q74+Q75 -> 0 | R72: =R73+R74+R75 -> 0 | S72: =S73+S74+S75 -> 1343900 | ... AB72: =AB73+AB74+AB75 -> 0
C73: Расходы на выплаты персоналу в целях обеспечения выполнения функций государственными (муниципальными) органами, казенными учреждениями, органами управления государственными внебюджетными фондами | D73: 902 | E73: 01 | F73: 13 | G73: 5220000590 | H73: 100 | I73: =SUM(L73:AB73) -> 16646800 | J73: 16621578 | K73: =I73-J73 -> 25222.35 | L73: 14934900 | S73: 1343900 | X73: 368000
C74: Закупка товаров, работ и услуг для обеспечения государственных (муниципальных) нужд | D74: 902 | E74: 01 | F74: 13 | G74: 5220000590 | H74: 200 | I74: =SUM(L74:AB74) -> 14701950 | J74: 12470986 | K74: =I74-J74 -> 2230964.3 | L74: 11651600 | P74: 352700 | T74: 603400 | U74: 700000 | W74: 1351400 | Y74: 42850
C75: Иные бюджетные ассигнования | D75: 902 | E75: 01 | F75: 13 | G75: 5220000590 | H75: 800 | I75: =SUM(L75:AB75) -> 122950 | J75: 122944.39 | K75: =I75-J75 -> 5.61 | L75: 165800 | Y75: -42850
C76: Архитектура и градостроительство | D76: 902 | E76: 01 | F76: 13 | G76: 5230000000 | I76: =SUM(L76:AB76) -> 2165000 | J76: =J77 -> 2141093.3 | K76: =I76-J76 -> 23906.68 | W76: =W77 -> 2715000 | X76: =X77 -> 0 | AA76: =AA77 -> -550000
C77: Расходы на обеспечение деятельности (оказание услуг) муниципальных учреждений | D77: 902 | E77: 01 | F77: 13 | G77: 5230000590 | I77: =SUM(L77:AB77) -> 2165000 | J77: =J78+J79+J80+J81 -> 2141093.3 | K77: =I77-J77 -> 23906.68 | W77: =W78+W79+W80+W81 -> 2715000 | X77: =X78+X79+X80+X81 -> 0 | Z77: =Z78+Z79+Z80+Z81 -> 0 | AA77: =AA78+AA79+AA80+AA81 -> -550000 | AB77: =AB78+AB79+AB80+AB81 -> 0
C78: Расходы на выплаты персоналу в целях обеспечения выполнения функций государственными (муниципальными) органами, казенными учреждениями, органами управления государственными внебюджетными фондами | D78: 902 | E78: 01 | F78: 13 | G78: 5230000590 | H78: 100 | I78: =SUM(L78:AB78) -> 1721000 | J78: 1717173.3 | K78: =I78-J78 -> 3826.69 | W78: 2271000 | AA78: -550000
C79: Закупка товаров, работ и услуг для обеспечения государственных (муниципальных) нужд | D79: 902 | E79: 01 | F79: 13 | G79: 5230000590 | H79: 200 | I79: =SUM(L79:AB79) -> 198060 | J79: 198045.91 | K79: =I79-J79 -> 14.09 | W79: 160800 | Y79: -24000 | AA79: 61260
C80: Социальное обеспечение и иные выплаты населению | D80: 902 | E80: 01 | F80: 13 | G80: 5230000590 | H80: 300 | I80: =SUM(L80:AB80) -> 112140 | J80: 112139.1 | K80: =I80-J80 -> 0.9 | W80: 235200 | Z80: -61800 | AA80: -61260
C81: Иные бюджетные ассигнования | D81: 902 | E81: 01 | F81: 13 | G81: 5230000590 | H81: 800 | I81: =SUM(L81:AB81) -> 133800 | J81: 113735 | K81: =I81-J81 -> 20065 | W81: 48000 | Y81: 24000 | Z81: 61800
C82: Служба заказчика | D82: 902 | E82: 01 | F82: 13 | G82: 5260000000 | I82: =SUM(L82:AB82) -> 17235997 | J82: =+J83 -> 17116283 | K82: =I82-J82 -> 119713.88 | L82: =+L83 -> 13450300 | M82: =+M83 -> 0 | N82: =+N83 -> 0 | O82: =+O83 -> 848000 | P82: =+P83 -> 0 | Q82: =+Q83 -> 0 | R82: =+R83 -> 0 | S82: =S83 -> 1407000 | T82: =T83 -> 0 | U82: =+U83 -> 0 | V82: =+V83 -> 0 | W82: =+W83 -> 0 | X82: =+X83 -> 290000 | Y82: =+Y83 -> 707700 | Z82: =+Z83 -> 247000 | AA82: =+AA83 -> 285997 | AB82: =+AB83 -> 0
C83: Расходы на обеспечение деятельности (оказание услуг) муниципальных учреждений | D83: 902 | E83: 01 | F83: 13 | G83: 5260000590 | I83: =SUM(L83:AB83) -> 17235997 | J83: =J84+J85+J86 -> 17116283 | K83: =I83-J83 -> 119713.88 | L83: =L84+L85+L86 -> 13450300 | M83: =M84+M85+M86 -> 0 | N83: =N84+N85+N86 -> 0 | O83: =O84+O85+O86 -> 848000 | P83: =P84+P85+P86 -> 0 | Q83: =Q84+Q85+Q86 -> 0 | R83: =R84+R85+R86 -> 0 | S83: =S84+S85+S86 -> 1407000 | ... AB83: =AB84+AB85+AB86 -> 0
C84: Расходы на выплаты персоналу в целях обеспечения выполнения функций государственными (муниципальными) органами, казенными учреждениями, органами управления государственными внебюджетными фондами | D84: 902 | E84: 01 | F84: 13 | G84: 5260000590 | H84: 100 | I84: =SUM(L84:AB84) -> 13645800 | J84: 13618770 | K84: =I84-J84 -> 27029.84 | L84: 11390800 | O84: 848000 | S84: 1407000
C85: Закупка товаров, работ и услуг для обеспечения государственных (муниципальных) нужд | D85: 902 | E85: 01 | F85: 13 | G85: 5260000590 | H85: 200 | I85: =SUM(L85:AB85) -> 3064897 | J85: 2972229.7 | K85: =I85-J85 -> 92667.3 | L85: 1474900 | X85: 290000 | Y85: 767000 | Z85: =127000+120000 -> 247000 | AA85: 285997
C86: Иные бюджетные ассигнования | D86: 902 | E86: 01 | F86: 13 | G86: 5260000590 | H86: 800 | I86: =SUM(L86:AB86) -> 525300 | J86: 525283.26 | K86: =I86-J86 -> 16.74 | L86: 584600 | Y86: -59300
C87: Муниципальная программа "Поддержка социально ориентированных некоммерческих организаций" | D87: 902 | E87: 01 | F87: 13 | G87: 6300000000 | I87: =SUM(L87:AB87) -> 4000000 | J87: =J88 -> 4000000 | K87: =I87-J87 -> 0 | U87: =U88 -> 3000000 | W87: =W88 -> 1000000 | X87: =X88 -> 0
C88: Формирование благоприятных условий для осуществления деятельности социально ориентированных некоммерческих организаций | D88: 902 | E88: 01 | F88: 13 | G88: 6310000000 | I88: =SUM(L88:AB88) -> 4000000 | J88: =J89 -> 4000000 | K88: =I88-J88 -> 0 | U88: =U89 -> 3000000 | W88: =W89 -> 1000000 | X88: =X89 -> 0
C89: Реализация мероприятий по поддержке социально ориентированных некоммерческих организаций | D89: 902 | E89: 01 | F89: 13 | G89: 6310010050 | I89: =SUM(L89:AB89) -> 4000000 | J89: =J90 -> 4000000 | K89: =I89-J89 -> 0 | U89: =U90 -> 3000000 | W89: =W90 -> 1000000 | X89: =X90 -> 0
C90: Предоставление субсидий бюджетным, автономным учреждениям и иным некоммерческим организациям | D90: 902 | E90: 01 | F90: 13 | G90: 6310010050 | H90: 600 | I90: =SUM(L90:AB90) -> 4000000 | J90: 4000000 | K90: =I90-J90 -> 0 | U90: =2550000+450000 -> 3000000 | W90: 1000000
C91: Другие непрограммные направления деятельности органов местного самоуправления | D91: 902 | E91: 01 | F91: 13 | G91: 9900000000 | I91: =SUM(L91:AB91) -> 2703601 | J91: =J96+J92+J94+J101+J99 -> 1301563.2 | K91: =I91-J91 -> 1402037.8 | L91: =L96+L92+L94 -> 11210000 | M91: =M96+M92+M94 -> 0 | N91: =N96+N92+N94 -> 0 | O91: =O96+O92+O94+O101 -> -9916000 | P91: =P96+P92+P94+P101 -> 500000 | Q91: =Q96+Q92+Q94+Q101 -> 436301 | R91: =R96+R92+R94+R101 -> 400000 | S91: =S96+S92+S94+S101 -> 400000 | T91: =T96+T92+T94+T101 -> 0 | U91: =U96+U92+U94+U101 -> 1068000 | V91: =V96+V92+V94+V101 -> 0 | ... Z91: =Z96+Z92+Z94+Z101 -> -1504300 | AA91: =AA96+AA92+AA94+AA101+AA99 -> 99600 | AB91: =AB96+AB92+AB94+AB101 -> 0
C92: Реализация мероприятий по выполнению наказов избирателей депутатам представительного органа | D92: 902 | E92: 01 | F92: 13 | G92: 9900010150 | I92: =SUM(L92:AB92) -> 0 | L92: =L93 -> 10000000 | M92: =M93 -> 0 | N92: =N93 -> 0 | O92: =O93 -> -10000000 | P92: =P93 -> 0 | Q92: =Q93 -> 0 | R92: =R93 -> 0 | S92: =S93 -> 0 | ... AB92: =AB93 -> 0
C93: Закупка товаров, работ и услуг для обеспечения государственных (муниципальных) нужд | D93: 902 | E93: 01 | F93: 13 | G93: 9900010150 | H93: 200 | I93: =SUM(L93:AB93) -> 0 | L93: 10000000 | O93: -10000000
C94: Утверждение границ округа горно-санитарной охраны курорта Великовечное Краснодарского края | D94: 902 | E94: 01 | F94: 13 | G94: 9900010670 | I94: =SUM(L94:AB94) -> 210000 | J94: =J95 -> 0 | K94: =I94-J94 -> 210000 | L94: =L95 -> 210000 | M94: =M95 -> 0 | N94: =N95 -> 0 | O94: =O95 -> 0 | P94: =P95 -> 0 | Q94: =Q95 -> 0 | R94: =R95 -> 0 | S94: =S95 -> 0 | ... AB94: =AB95 -> 0
C95: Закупка товаров, работ и услуг для обеспечения государственных (муниципальных) нужд | D95: 902 | E95: 01 | F95: 13 | G95: 9900010670 | H95: 200 | I95: =SUM(L95:AB95) -> 210000 | J95: 0 | K95: =I95-J95 -> 210000 | L95: 210000
C96: Исполнение судебных решений | D96: 902 | E96: 01 | F96: 13 | G96: 9900010910 | I96: =SUM(L96:AB96) -> 1000000 | J96: =J98+J97 -> 547891.22 | K96: =I96-J96 -> 452108.78 | L96: =L98 -> 1000000 | M96: =M98 -> 0 | N96: =N98 -> 0 | O96: =O98 -> 0 | P96: =P98 -> 0 | Q96: =Q98 -> 0 | R96: =R98 -> 0 | S96: =S98 -> 0 | T96: =T98+T97 -> 0 | U96: =U98 -> 0 | V96: =V98 -> 0 | W96: =W98 -> 0 | X96: =X98 -> 0 | Y96: =Y98 -> 0 | Z96: =Z98 -> 0 | AA96: =AA98 -> 0 | AB96: =AB98 -> 0
C97: Закупка товаров, работ и услуг для обеспечения государственных (муниципальных) нужд | D97: 902 | E97: 01 | F97: 13 | G97: 9900010910 | H97: 200 | I97: =SUM(L97:AB97) -> 203360 | J97: 203359.5 | K97: =I97-J97 -> 0.5 | T97: 203360
C98: Иные бюджетные ассигнования | D98: 902 | E98: 01 | F98: 13 | G98: 9900010910 | H98: 800 | I98: =SUM(L98:AB98) -> 796640 | J98: 344531.72 | K98: =I98-J98 -> 452108.28 | L98: 1000000 | T98: -203360
C99: Иные межбюджетные трансферты бюджетам муниципальных образований Краснодарского края за счет средств резервного фонда администрации Краснодарского края | D99: 902 | E99: 01 | F99: 13 | G99: 9900062590 | I99: =SUM(L99:AB99) -> 99600 | J99: =J100 -> 99600 | K99: =I99-J99 -> 0 | AA99: =AA100 -> 99600
C100: Закупка товаров, работ и услуг для обеспечения государственных (муниципальных) нужд | D100: 902 | E100: 01 | F100: 13 | G100: 9900062590 | H100: 200 | I100: =SUM(L100:AB100) -> 99600 | J100: 99600 | K100: =I100-J100 -> 0 | AA100: 99600
...
